 Dungeon Crawl Stone Soup version 0.28.0-1-gb440e238dd (webtiles) character file.

Game seed: 11220794645409824318

219 Aksej the Poker (level 5, -1/48 HPs)
             Began as a Hill Orc Monk on Feb 22, 2022.
             Slain by a gnoll (2 damage)
             ... on level 4 of the Dungeon.
             The game lasted 00:07:56 (3395 turns).

Aksej the Poker (Hill Orc Monk)                     Turns: 3395, Time: 00:07:56

Health: -1/48      AC:  4    Str: 14    XL:     5   Next: 96%
Magic:  5/5        EV: 13    Int: 10    God:
Gold:   213        SH:  0    Dex: 15    Spells: 4/4 levels left

rFire   . . .      SeeInvis .   a - +1 spear (chaos)
rCold   . . .      Faith    .   (no shield)
rNeg    . . .      Spirit   .   b - +0 robe
rPois   .          Reflect  .   (no helmet)
rElec   .          Harm     .   (no cloak)
rCorr   .          Rampage  .   (no gloves)
Will    .....                   i - +1 pair of boots
Stlth   ++........              (no amulet)
HPRegen 0.16/turn               (no ring)
MPRegen 0.09/turn               (no ring)

@: no status effects
A: no striking features
a: Convert to Beogh


You were on level 4 of the Dungeon.
You visited 1 branch of the dungeon, and saw 4 of its levels.

You collected 213 gold pieces.

Inventory:

Hand Weapons
 a - a +1 spear of chaos (weapon)
Armour
 b - a +0 robe (worn)
 i - a +1 pair of boots (worn)
Wands
 j - a wand of digging (4)
Scrolls
 c - 2 scrolls of immolation
 g - a scroll of vulnerability
Potions
 e - a potion of mutation {unknown}
 f - a potion of flight
 h - a potion of brilliance {unknown}
 k - a potion of lignification {unknown}


   Skills:
 * Level 5.0 Fighting
 + Level 5.4 Polearms
 + Level 3.0 Dodging
 + Level 2.2 Stealth


You had 4 spell levels left.
You didn't know any spells.
Your spell library contained the following spells:

 Spells                   Type           Power      Damage    Failure   Level
 Gell's Gravitas          Tloc           0%         N/A       75%         3
 Teleport Other           Tloc           0%         N/A       75%         3
 Dispersal                Tloc           0%         N/A       100%        6


Dungeon Overview and Level Annotations

Branches:
Dungeon (4/15)
 Temple: D:4-7

Altars:

Shops:
D:4 *

Annotations:
D:4 Blork the orc


Message History

You are too injured to fight recklessly!
You are too injured to fight recklessly!
Unknown command.
You completely miss the orc priest.
The orc priest is heavily wounded.
The goblin closely misses you.
You barely miss the orc priest.
The orc priest is heavily wounded.
Blork the orc gestures at you while chanting.
The magic dart hits you. The gnoll barely misses you.
The orc priest completely misses you. The goblin hits you but does no damage.
You completely miss the orc priest.
The orc priest is heavily wounded.
The gnoll hits you with a +0 flail.
* * * LOW HITPOINT WARNING * * *
The gnoll closely misses you.
The orc priest shouts, "Join the one true god or die!"
The orc priest closely misses you.
The orc priest threatens, "By the altar or by the axe, you will meet Beogh!"
You hit the orc priest.
The orc priest is poisoned.
The orc priest is almost dead.
The goblin hits you with a +0 club.
* * * LOW HITPOINT WARNING * * *
The gnoll closely misses you. The gnoll barely misses you.
The orc priest misses you. The orc hits you but does no damage.
You hit the gnoll.
The gnoll is poisoned.
The gnoll is moderately wounded.
You kill the orc priest!
The goblin barely misses you. The gnoll closely misses you.
The gnoll hits you with a +0 flail!
* * * LOW HITPOINT WARNING * * *
The goblin hits you with a +0 club.
* * * LOW HITPOINT WARNING * * *
Your Dodging skill increases to level 3!
You barely miss something. The orc barely misses you.
The goblin hits you but does no damage.
Blork the orc points at you and mumbles some strange words.
The puff of flame misses you.
The puff of flame misses the orc.
The gnoll hits you with a +0 flail.
You die...

##......#.##
#...........
#.....##..###
##.#..##.##.#
# ##.gg#.....
.#. ###g#..#
.... #..oB.#
.....
#...go#......
##.Sg@go.....
##.go{o.....
####.......
..(....
.....#.
.......
##..... ..##.


You could see Blork the orc, an orc priest, 3 gnolls, 3 orcs, a giant cockroach,
4 goblins and a ball python.

Vanquished Creatures
  A water moccasin skeleton (D:3)
  An orc priest (D:4)
  Robin (D:3)
  3 adders (D:2)
  3 worms
  3 dart slugs
  8 orcs (D:3)
  5 ball pythons
  11 bats
  8 endoplasms
  3 giant cockroaches
  11 goblins
  4 hobgoblins
  3 quokkas
  5 frilled lizards
  3 kobolds
  4 rats
77 creatures vanquished.

Vanquished Creatures (others)
  16 plants (D:3)
16 creatures vanquished.

Grand Total: 93 creatures vanquished

Notes
Turn   | Place    | Note
-------+----------+-------------------------------------------
     0 | D:1      | Aksej the Hill Orc Monk began the quest for the Orb.
     0 | D:1      | Reached XP level 1. HP: 19/19 MP: 1/1
    40 | D:1      | Found a faded altar of an unknown god.
   138 | D:1      | Reached XP level 2. HP: 27/27 MP: 2/2
   656 | D:2      | Reached XP level 3. HP: 23/33 MP: 3/3
  1147 | D:2      | Reached XP level 4. HP: 41/41 MP: 4/4
  2381 | D:3      | Noticed Robin
  2406 | D:3      | Killed Robin
  2407 | D:3      | Reached XP level 5. HP: 38/47 MP: 5/5
  2911 | D:3      | Reached skill level 5 in Polearms
  3339 | D:4      | Found Koagetycw's General Store.
  3380 | D:4      | Noticed Blork the orc
  3388 | D:4      | Reached skill level 5 in Fighting
  3394 | D:4      | HP: 2/48 [gnoll (11)]
  3395 | D:4      | Slain by a gnoll

Illustrated notes

Levels and vault maps discovered:
D:1:      lightli_arrival_chessboard, layout_basic,
          ebering_ecumenical_altar_petrified
D:2:      layout_loops_corners, minmay_randomly_rotated_circles
D:3:      layout_basic, minivault_23, chequers_garden, grunt_ministairs_7,
          hangedman_glass_teeth, nicolae_grassy_gnolls, uniq_robin
D:4:      layout_cave_pools, mainiacjoe_overflow_24_doors,
          grunt_temple_overflow_open, minmay_temple_entry_from_below_a,
          serial_shops, shop, nicolae_shop_crystal, uniq_pikel,
          uniq_blork_the_orc

Skill      XL: |  1  2  3  4  5 |
---------------+----------------+-----
Fighting       | 4 5 |  5.0
Polearms       | 4 5 |  5.4
Stealth        | 2 |  2.2
Dodging        | 3 |  3.0

Action                   |  1- 3 |  4- 6 || total
-------------------------+-------+-------++-------
Melee: Spear             |    91 |   189 ||   280
       Punch             |     2 |     2 ||     4
  Use: Scroll            |     6 |     7 ||    13
       Potion            |       |     1 ||     1
 Stab: Sleeping          |     7 |     4 ||    11
       Distracted        |       |     1 ||     1
Armor: Robe              |    12 |    27 ||    39
Dodge: Dodged            |    30 |    87 ||   117
